 Dungeon Crawl Stone Soup version 0.32-a0-999-gfa1cc04b1d (webtiles) character file.

Game seed: 3285442563404631759

31 GiantSquids the Sneak (level 3, 0/26 HPs)
             Began as an Octopode Delver on Apr 25, 2024.
             Slain by an orc
             ... wielding a +0 falchion
              (2 damage)
             ... on level 5 of the Dungeon.
             The game lasted 00:01:05 (169 turns).

GiantSquids the Sneak (Octopode Delver)              Turns: 169, Time: 00:01:06

Health: 0/26       AC:  1    Str: 11    XL:     3   Next: 22%
Magic:  3/3        EV: 12    Int: 12    God:
Gold:   17         SH:  0    Dex: 15    Spells: 2/2 levels left

rFire   . . .        a - +0 short sword
rCold   . . .        (no shield)
rNeg    . . .        (helmet restricted)
rPois   .            (no amulet)
rElec   .            (no ring)
rCorr   .            (no ring)
SInv    .            (no ring)
Will    .....        (no ring)
Stlth   ++++         (no ring)
HPRegen 0.24/turn    (no ring)
MPRegen 0.08/turn    (no ring)
                     (no ring)

%: no passive effects
@: no status effects
A: almost no armour, amphibious, 8 rings, camouflage 1, gelatinous body 1,
(nimble swimmer 1), tentacles
a: no special abilities


You were on level 5 of the Dungeon.
You visited 1 branch of the dungeon, and saw 1 of its levels.

You collected 17 gold pieces.

Inventory:

Hand Weapons
 a - a +0 short sword (weapon)
Missiles
 g - 4 poisoned darts (quivered)
Wands
 f - a wand of digging (3)
Scrolls
 b - a scroll of fog
 c - a scroll of revelation
 d - 2 scrolls of fear
 h - a scroll of teleportation {unknown}
Potions
 e - a potion of haste


   Skills:
 + Level 3.3 Fighting
 * Level 2.9 Short Blades
 + Level 2.4 Dodging
 - Level 6.6 Stealth


You had 2 spell levels left.
You didn't know any spells.
Your spell library was empty.

Dungeon Overview and Level Annotations

Branches:
Dungeon (5/15)
 Temple: D:4-7

Altars:


Innate Abilities, Weirdness & Mutations

You cannot wear most types of armour.
You are amphibious.
You can wear up to eight rings at the same time.
Your skin changes colour to match your surroundings (Stealth+).
Your rubbery body absorbs attacks. (AC +1, EV +1)
((You are camouflaged when in or above water. (Stealth+)))
You have tentacles for arms and can constrict up to eight enemies at once.


Message History

You hit the hound but do no damage.
The hound is moderately wounded.
You constrict the hound. The hound barely misses you. x2
You hit the hound but do no damage.
The hound is moderately wounded.
You constrict the hound. The hound barely misses you.
You hit the hound but do no damage.
The hound is heavily wounded.
You constrict the hound. The hound barely misses you.
You hit the hound but do no damage. You squeeze the hound!
You kill the hound!
You hear the slow rusting of a distant drain.
You have reached level 2!
You have reached level 3!
Your experience leads to an increase in your attributes!
Increase (S)trength, (I)ntelligence, or (D)exterity?
You feel agile. x2
There is an open door here.
You open the door.
There is an open door here.
You see here a scroll labelled APINOKK CIUTAI.
h - a scroll labelled APINOKK CIUTAI The orc priest shouts!
You hear a shout!
The orc priest shouts, "Surrender to Beogh and we'll let you live!" x2 (press Y on the ability menu to convert to Beogh)
The orc priest barely misses you.
The orc shouts!
You hit the orc priest but do no damage.
Your grab misses the orc priest. You squeeze the orc priest.
The orc priest is heavily wounded.
The orc priest barely misses you.
You barely miss the orc priest. Your grab misses the orc priest.
Your squeeze misses the orc priest.
The orc priest is heavily wounded.
The orc priest hits you with a +0 morningstar!
* * * LOW HITPOINT WARNING * * *
You hit the orc priest. You grab the orc priest. You squeeze the orc priest.
You kill the orc priest!
The orc hits you with a +0 falchion.
You die...

..#..........#.....#
.........)#.....#
..........#.....#
...###..####)########
############.####...#
#.?..............#
#................#
#................#
#.........@).....#
#..........o.o...#
##...####'#########
####'#............#
#....#............#
#....#............#
#....#............#
#....#...........(#
##.###............#


You could see 2 orcs.

Vanquished Creatures
  A hound (D:5)
  An orc priest (D:5)
  An orc (D:5)
3 creatures vanquished.

Notes
Turn   | Place    | Note
-------+----------+-------------------------------------------
     0 | D:5      | GiantSquids the Octopode Delver began the quest for the
                  | Orb.
     0 | D:5      | Reached XP level 1. HP: 16/16 MP: 1/1
    89 | D:5      | Noticed an orc priest
   142 | D:5      | Noticed a hound
   152 | D:5      | Killed a hound
   153 | D:5      | Reached XP level 2. HP: 8/21 MP: 2/2
   153 | D:5      | Reached XP level 3. HP: 10/26 MP: 3/3
   169 | D:5      | Slain by an orc

Illustrated notes

Levels and vault maps discovered:
D:5:      layout_gridville, lemuel_round_altar, gup_sewer_entry_bowl

Action                     || total
---------------------------++-------
  Melee: Short sword       ||    14
         Tentacles         ||     4
         Constrict         ||     2
 Armour: Skin              ||     9
  Dodge: Dodged            ||     8

Table legend: (Time is in decaauts)
 A = Elapsed time spent in this place.
 B = Non-inter-level travel time spent in this place.
 C = Inter-level travel time spent in this place.
 D = Time resting spent in this place.
 E = Time spent auto-exploring this place.
 F = Levels seen in this place.
 G = Mean time per level.
                   A        B        C        D        E       F      G
               +--------+--------+--------+--------+--------+-----+--------+
         Total |    167 |    167 |      0 |      2 |     27 |   1 |  167.0 |
       Dungeon |    167 |    167 |      0 |      2 |     27 |   1 |  167.0 |
               +--------+--------+--------+--------+--------+-----+--------+

Top non-repeatable levels by time:
     D:5: 167 daAuts
